Map: [ESL] Ancient Cistern

Players

ByuN - Winner!

  • Race: Terran Terran

Bunny

  • Race: Terran Terran

Event: IEM Katowice 2023

VOD

Have the link to the VOD?

Description

Time

  • Played on: Feb. 10, 2023, 12:20 p.m.
  • Length: 9:09

All games in this series

Show
View Real Time Build Order
Export as new Build Order

ByuN Terran - Winner!

Build Orders:  

Get SALT Encoding   

  12  0:00  SCV  
  13  0:14  Supply Depot  
  13  0:17  SCV  
  14  0:36  Barracks  
  14  0:40  Refinery  
  14  0:55  Barracks  
  14  0:58  SCV  
  15  1:10  SCV  
  16  1:23  Orbital Command, Reaper  
  17  1:32  Refinery  
  17  1:42  Reaper  
  18  1:49  SCV  
  18  1:52  Supply Depot  
  19  1:59  Reaper  
  20  2:01  SCV  
  21  2:14  SCV, Reaper  
  23  2:27  SCV  
  24  2:31  Reaper  
  25  2:39  SCV  
  25  2:42  Factory  
  26  2:46  Reaper  
  26  2:51  SCV  
  27  3:03  SCV  
  27  3:04  Reaper  
  27  3:15  SCV  
  28  3:21  Supply Depot  
  28  3:23  Command Center  
  28  3:24  Reaper  
  28  3:26  Factory Tech Lab  
  29  3:27  SCV  
  30  3:37  Starport  
  30  3:40  SCV  
  31  3:45  Cyclone  
  34  3:52  SCV  
  35  3:57  Supply Depot  
  35  4:00  Refinery  
  35  4:04  SCV  
  36  4:16  SCV  
  37  4:19  Cyclone  
  37  4:21  Medivac  
  42  4:28  SCV  
  43  4:34  Orbital Command  
  43  4:41  SCV  
  43  4:53  SCV  
  43  4:57  Cyclone  
  43  4:58  Starport Tech Lab  
  47  5:00  SCV  
  47  5:05  SCV  
  49  5:11  Barracks Reactor  
  49  5:12  SCV  
  50  5:17  SCV  
  50  5:18  Raven  
  53  5:23  Supply Depot  
  53  5:24  SCV, Command Center  
  54  5:29  SCV  
  55  5:37  SCV  
  55  5:39  Siege Tank  
  55  5:41  SCV  
  55  5:49  SCV  
  52  5:53  SCV  
  52  5:54  Marine x2  
  52  5:55  Raven  
  56  6:00  Refinery  
  56  6:01  SCV  
  57  6:05  Barracks, SCV  
  57  6:06  Barracks  
  58  6:11  Siege Tank  
  58  6:13  SCV  
  58  6:17  Engineering Bay, SCV  
  58  6:18  Marine x2, Engineering Bay  
  63  6:25  SCV  
  66  6:29  SCV  
  66  6:30  Barracks  
  66  6:32  Barracks  
  67  6:36  Orbital Command  
  68  6:43  Marine, Siege Tank  
  68  6:45  Terran Infantry Armor Level 1, Terran Infantry Weapons Level 1  
  72  6:47  SCV x2  
  72  6:49  Stimpack  
  72  6:53  Barracks Reactor  
  73  6:58  Starport Reactor  
  73  6:59  SCV, Supply Depot  
  73  7:00  Orbital Command, SCV  
  75  7:01  Missile Turret  
  75  7:07  Marine x3  
  78  7:12  SCV x2  
  80  7:20  Barracks Reactor  
  80  7:21  Barracks Reactor  
  80  7:24  SCV x2  
  80  7:26  Missile Turret, Armory  
  82  7:30  Marine x5  
  82  7:31  Siege Tank  
  82  7:36  Supply Depot  
  92  7:39  SCV x3, Supply Depot  
  93  7:44  Medivac  
  93  7:45  Medivac  
  93  7:47  Marine  
  99  7:51  SCV x3  
  99  7:58  Marine x3  
  104  8:00  Supply Depot x2  
  104  8:06  Marine x2  
  104  8:07  Marine x2  
  104  8:08  SCV  
  110  8:16  Marine, Supply Depot  
  110  8:19  Barracks Reactor, Supply Depot  
  109  8:20  SCV x2  
  109  8:21  SCV  
  109  8:22  Marine x2  
  109  8:24  Supply Depot x2  
  114  8:29  Refinery  
  114  8:30  Refinery  
  114  8:31  Medivac  
  114  8:33  Medivac  
  118  8:37  SCV x3  
  121  8:42  Marine x5  
  121  8:43  Marine x2  
Show
View Real Time Build Order
Export as new Build Order

Bunny Terran 

Build Orders:  

Get SALT Encoding   

  12  0:00  SCV  
  13  0:12  SCV  
  14  0:17  Supply Depot  
  14  0:24  SCV  
  15  0:39  SCV  
  15  0:41  Barracks  
  15  0:42  Refinery  
  16  0:51  SCV  
  16  0:52  Refinery  
  17  1:03  SCV  
  18  1:15  SCV  
  19  1:28  Orbital Command, Reaper  
  19  1:30  Supply Depot  
  20  1:40  Factory  
  20  1:53  SCV  
  21  2:00  Reaper  
  22  2:05  SCV  
  23  2:17  SCV  
  23  2:24  Hellion  
  23  2:29  SCV  
  25  2:31  Marine  
  26  2:43  SCV  
  26  2:45  Hellion  
  26  2:50  Marine  
  28  2:55  Command Center  
  28  2:56  SCV  
  28  3:07  Marine  
  28  3:10  SCV  
  28  3:16  Hellion  
  30  3:22  Starport  
  30  3:23  SCV  
  31  3:30  Supply Depot  
  31  3:32  Barracks Reactor  
  31  3:38  Factory Tech Lab  
  31  3:52  SCV  
  32  3:56  Cyclone  
  32  3:58  Starport Tech Lab  
  35  4:04  SCV  
  35  4:06  Supply Depot  
  35  4:07  Supply Depot  
  36  4:10  Orbital Command  
  36  4:13  Marine  
  35  4:19  Marine  
  35  4:22  Raven  
  38  4:28  Orbital Command  
  38  4:29  Cyclone  
  40  4:32  SCV  
  40  4:37  Marine x2  
  43  4:45  SCV  
  41  4:55  Marine x2  
  41  4:59  Raven  
  44  5:08  SCV x2  
  44  5:14  Marine x2  
  45  5:20  SCV x2  
  49  5:21  Command Center  
  49  5:32  Marine x2  
  50  5:36  SCV x2  
  50  5:40  Siege Tank  
  50  5:50  Marine x2  
  50  5:51  SCV  
  50  5:52  SCV  
  54  5:58  Raven  
  54  6:04  SCV x2  
  58  6:13  Refinery  
  58  6:14  Marine x2  
  58  6:16  SCV x2, Refinery  
  62  6:27  Siege Tank  
  62  6:28  SCV x2  
  67  6:33  Command Center  
  67  6:40  SCV x2  
  67  6:42  Orbital Command  
  67  6:47  Stimpack  
  69  6:48  Marine  
  69  6:51  Viking  
  69  6:52  SCV  
  69  6:53  SCV  
  74  6:57  Viking  
  76  7:04  SCV  
  76  7:05  SCV  
  78  7:08  SCV  
  78  7:09  Siege Tank  
  78  7:10  Marine  
  83  7:20  Barracks  
  83  7:21  Barracks  
  85  7:25  Orbital Command  
  85  7:31  Supply Depot  
  85  7:33  Supply Depot  
  85  7:34  Marine  
  85  7:35  Engineering Bay x2, SCV  
  85  7:45  SCV, Viking x2  
  85  7:46  Orbital Command  
  85  7:50  SCV  
  91  7:51  SCV  
  91  7:56  Siege Tank  
  91  7:57  SCV  
  96  8:00  Marine  
  96  8:02  SCV  
  96  8:03  SCV  
  99  8:09  Barracks Reactor x2  
  99  8:10  SCV  
  99  8:12  SCV  
  99  8:15  SCV  
  99  8:18  Missile Turret  
  100  8:20  Viking  
  100  8:25  Viking  
  100  8:26  SCV x3  
  108  8:27  SCV  
  108  8:30  Supply Depot  
  108  8:37  Sensor Tower  
  108  8:41  Refinery  
  108  8:42  Refinery  
  108  8:44  Marine  
  108  8:48  Barracks x2  
  112  8:50  SCV  
  112  8:51  SCV x3  

Tags
 
Add a new tag
Caveats
  • Supply blocks, unpowered buildings, or Contaminate may cause inaccurate times.
  • Supply counts are checked every 10 seconds.